Map: Романтицид РВ

Players

Kas - Winner!

  • Race: Terran Terran
  • League: Grandmaster
  • Spawn Location: 11:00

GOStephano (Stephano)

  • Race: Zerg Zerg
  • League: Master
  • Spawn Location: 5:00

VOD

Have the link to the VOD?

Description

Time

  • Played on: Oct. 13, 2020, 12:27 p.m.
  • Length: 18:25
Show
View Real Time Build Order
Export as new Build Order

Kas Terran - Winner!

Build Orders: Reaper Expand, Mech 

Get SALT Encoding   

  12  0:00  SCV  
  13  0:13  SCV  
  14  0:17  Supply Depot  
  14  0:25  SCV  
  15  0:39  SCV  
  15  0:40  Barracks  
  16  0:44  Refinery  
  16  0:51  SCV  
  17  1:03  SCV  
  18  1:15  SCV  
  19  1:30  Reaper, Orbital Command  
  20  1:40  Command Center  
  20  1:54  Supply Depot  
  20  1:55  SCV  
  21  2:03  Marine  
  21  2:08  SCV  
  23  2:18  Factory  
  23  2:20  SCV  
  23  2:22  Barracks Reactor  
  24  2:32  SCV  
  25  2:38  Command Center  
  25  2:50  SCV  
  26  2:53  Orbital Command  
  26  3:02  SCV  
  26  3:03  Starport  
  27  3:07  Refinery  
  27  3:14  SCV  
  27  3:17  Hellion x2  
  32  3:26  SCV  
  33  3:28  SCV  
  34  3:38  SCV  
  34  3:41  Hellion x2  
  39  3:45  Fusion Core  
  39  3:46  SCV  
  39  3:50  Orbital Command, SCV  
  39  3:53  Starport Tech Lab  
  40  3:57  Supply Depot  
  40  3:58  SCV  
  40  4:02  Refinery  
  41  4:03  Refinery  
  41  4:05  SCV  
  42  4:10  SCV  
  42  4:15  Orbital Command  
  43  4:17  SCV  
  43  4:22  SCV  
  45  4:29  SCV  
  46  4:34  SCV  
  46  4:35  Hellion x2, Battlecruiser  
  57  4:41  SCV  
  57  4:42  Supply Depot  
  57  4:43  SCV  
  59  4:46  SCV  
  60  4:53  SCV, Weapon Refit  
  60  4:56  Hellion x2  
  60  4:59  Armory  
  65  5:01  SCV  
  65  5:04  SCV  
  65  5:06  Supply Depot  
  67  5:08  SCV  
  68  5:14  SCV  
  68  5:16  SCV  
  68  5:17  Hellion  
  68  5:18  Hellion  
  68  5:20  Refinery, SCV  
  75  5:25  Refinery  
  75  5:26  SCV  
  77  5:28  SCV  
  77  5:30  Supply Depot  
  77  5:32  SCV  
  78  5:39  Battlecruiser, SCV  
  85  5:52  SCV x3  
  85  5:53  Terran Vehicle And Ship Armor Level 1, Factory  
  85  5:55  Factory  
  88  6:04  SCV x3  
  93  6:11  Hellion  
  93  6:16  Supply Depot  
  93  6:22  Hellion, SCV x3, Supply Depot  
  98  6:26  Command Center  
  98  6:28  Supply Depot  
  98  6:34  SCV x3  
  98  6:38  Supply Depot  
  101  6:41  Factory Tech Lab x2  
  101  6:46  SCV  
  102  6:47  Factory  
  102  6:48  Factory  
  102  6:54  Battlecruiser, SCV  
  97  6:58  SCV x2  
  97  7:00  Hellion x2  
  109  7:01  Siege Tank  
  112  7:09  Siege Tank  
  112  7:10  SCV x2  
  112  7:12  Supply Depot  
  107  7:18  SCV  
  107  7:22  SCV x2  
  106  7:23  Supply Depot  
  106  7:28  Infernal Pre-Igniter, Mag-Field Accelerator  
  106  7:30  SCV  
  106  7:31  Hellion  
  106  7:33  Factory Tech Lab  
  106  7:34  SCV, Factory Reactor  
  110  7:45  SCV  
  110  7:46  Siege Tank x2, SCV x2  
  110  7:49  Engineering Bay  
  119  7:54  Terran Vehicle And Ship Armor Level 2  
  119  7:57  Hellion x2, SCV  
  119  7:58  SCV  
  125  7:59  Supply Depot  
  125  8:08  Battlecruiser  
  125  8:10  SCV x2  
  133  8:12  Supply Depot  
  133  8:14  Planetary Fortress  
  133  8:16  Refinery  
  133  8:17  Refinery  
  133  8:19  Missile Turret  
  133  8:22  Missile Turret  
  133  8:23  Siege Tank  
  136  8:27  Supply Depot  
  136  8:31  Siege Tank x2  
  142  8:38  Sensor Tower  
  142  8:42  Hellion x3  
  142  8:43  Hellion  
  150  8:49  SCV x2, Factory  
  150  8:50  SCV, Factory  
  150  8:55  Armory  
  153  8:56  Cyclone  
  153  9:01  Supply Depot  
  156  9:16  Supply Depot  
  156  9:18  Supply Depot  
  156  9:23  Supply Depot  
  156  9:24  Supply Depot  
  156  9:25  SCV x2  
  156  9:30  Siege Tank x2  
  164  9:35  Supply Depot x2  
  164  9:39  Supply Depot x2, Factory Tech Lab x2  
  164  9:40  Supply Depot x2  
  164  9:42  Command Center  
  162  9:48  Siege Tank  
  145  9:53  Hellion x2  
  145  9:58  Cyclone x2  
  151  10:02  Siege Tank x2  
  151  10:04  Supply Depot  
  151  10:05  SCV  
  158  10:07  Terran Vehicle Weapons Level 1  
  158  10:12  Missile Turret  
  158  10:14  Missile Turret  
  158  10:20  Cyclone, Hellion x3  
  165  10:30  Cyclone x2  
  165  10:34  Cyclone  
  162  10:44  Cyclone  
  165  10:51  Hellion x2  
  165  10:52  Cyclone  
  172  11:01  Battlecruiser  
  172  11:02  Cyclone x2, Terran Vehicle And Ship Armor Level 3  
  184  11:10  Command Center  
  184  11:18  Supply Depot, Engineering Bay, Planetary Fortress  
  184  11:19  Supply Depot  
  184  11:25  Unknown  
  184  11:52  Command Center  
  184  11:55  Command Center x2  
  184  11:56  Command Center  
  184  12:03  Terran Vehicle Weapons Level 2  
  184  12:10  Factory x2  
  180  12:29  Cyclone x4  
  187  12:31  Hellion  
  187  12:32  Hellion  
  171  12:39  SCV  
  171  12:43  Missile Turret  
  169  12:51  Cyclone  
  170  12:52  Hellion x2  
  170  12:53  Hellion  
  170  12:56  SCV x2  
  174  13:01  Cyclone  
  177  13:14  Hellion  
  177  13:16  Orbital Command  
  177  13:24  Planetary Fortress  
  177  13:25  Hellion x2  
  177  13:26  SCV  
  177  13:27  Refinery, SCV x3  
  185  13:28  Refinery  
  177  13:38  SCV  
  177  13:39  SCV x3  
  131  13:48  Cyclone  
  131  13:50  Planetary Fortress  
  131  13:51  Cyclone x2  
  137  13:56  Missile Turret  
  137  13:57  Hellion x3  
  137  13:58  Hellion  
  136  14:09  Cyclone x2  
  130  14:11  Hellion  
  130  14:12  Hellion  
  130  14:14  Planetary Fortress  
  130  14:16  SCV x2  
  136  14:18  Hellion x2, SCV x2  
  136  14:20  Cyclone  
  136  14:21  SCV  
  136  14:23  Cyclone x2, Orbital Command  
  152  14:28  Terran Vehicle Weapons Level 3  
  141  14:43  SCV x2  
  139  14:46  Cyclone x2  
  139  14:51  Hellion x3  
  139  14:52  Cyclone, Factory Tech Lab x2  
  154  14:54  SCV  
  154  14:55  Cyclone  
  154  14:56  SCV x2  
  160  15:04  Cyclone  
  163  15:25  Cyclone x3  
  163  15:26  Cyclone x2  
  163  15:27  Hellion x3  
  184  15:33  SCV  
  185  15:38  SCV  
  185  15:39  SCV x2  
  188  15:42  Terran Ship Weapons Level 1  
  188  15:45  SCV  
  189  15:50  SCV  
  190  15:57  Cyclone x2, SCV  
  197  16:09  SCV  
  192  16:21  Siege Tank x3  
  161  16:34  Cyclone  
  161  16:35  Cyclone x2  
  161  16:36  Hellion x5  
  161  16:38  SCV x2  
  182  16:42  SCV  
  182  16:43  Command Center  
  183  16:53  Hellion  
  155  17:04  Cyclone x2  
  160  17:08  Cyclone x2  
  160  17:12  Orbital Command  
  163  17:17  Cyclone x2  
  163  17:18  Cyclone  
  161  17:39  Cyclone x2  
  161  17:49  Cyclone x2  
Show
View Real Time Build Order
Export as new Build Order

GOStephano Zerg 

Build Orders: Hatch First, Swarm Host 

Get SALT Encoding   

  12  0:00  Drone  
  13  0:12  Overlord  
  13  0:16  Drone  
  14  0:31  Drone x2  
  16  0:47  Hatchery  
  15  0:51  Drone  
  15  0:54  Drone  
  17  0:57  Drone  
  18  1:08  Extractor  
  17  1:13  Spawning Pool  
  17  1:16  Drone  
  17  1:19  Drone  
  18  1:27  Drone  
  19  1:44  Drone  
  20  1:51  Drone  
  21  1:59  Queen x2  
  21  2:00  Zergling x4  
  27  2:10  Drone  
  27  2:11  Overlord  
  28  2:20  Metabolic Boost  
  28  2:24  Overlord  
  28  2:33  Drone x3  
  31  2:37  Queen  
  33  2:48  Hatchery  
  33  2:50  Drone  
  32  2:53  Drone  
  32  2:56  Drone  
  34  3:01  Drone  
  35  3:06  Drone  
  35  3:08  Drone  
  35  3:09  Drone x2  
  35  3:10  Drone  
  40  3:13  Spore Crawler  
  40  3:15  Drone  
  40  3:19  Drone  
  42  3:27  Drone  
  42  3:34  Overlord, Spore Crawler  
  42  3:37  Drone  
  42  3:43  Zergling x2  
  43  3:49  Zergling x2  
  43  3:53  Queen  
  47  3:58  Zergling x4  
  49  4:05  Evolution Chamber x2  
  49  4:06  Queen  
  49  4:08  Queen  
  49  4:09  Drone x3  
  54  4:14  Drone x4  
  58  4:19  Overlord  
  58  4:32  Overlord x2  
  58  4:36  Zerg Ground Armor Level 1  
  58  4:39  Zerg Missile Weapons Level 1  
  58  4:40  Drone x8  
  58  4:45  Extractor  
  65  4:46  Extractor  
  64  4:54  Drone x4  
  64  4:55  Drone  
  64  4:56  Spore Crawler  
  64  4:59  Spore Crawler, Drone x3  
  70  5:02  Drone x2  
  70  5:04  Drone  
  70  5:06  Queen x2  
  77  5:10  Drone x5  
  82  5:19  Extractor x2, Drone x2  
  82  5:22  Lair  
  82  5:27  Roach Warren  
  81  5:31  Drone  
  81  5:34  Overlord x2  
  82  5:42  Spore Crawler  
  81  5:54  Zergling x6  
  81  5:55  Drone  
  81  5:57  Overlord  
  84  5:58  Drone x2  
  84  5:59  Extractor  
  85  6:04  Extractor  
  85  6:06  Drone x7  
  90  6:13  Drone x2  
  90  6:16  Overlord x2  
  92  6:21  Spire  
  92  6:22  Glial Reconstitution  
  91  6:25  Hatchery  
  91  6:30  Overlord  
  91  6:31  Roach x4  
  91  6:32  Roach x2  
  102  6:38  Roach  
  102  6:39  Roach x3  
  108  6:43  Hatchery, Zerg Missile Weapons Level 2  
  108  6:44  Zerg Melee Weapons Level 1  
  101  7:00  Drone x10  
  110  7:18  Overlord  
  110  7:30  Overlord  
  110  7:31  Overlord x4  
  108  7:44  Corruptor  
  108  7:45  Corruptor x9  
  130  7:58  Roach x6  
  130  7:59  Overlord x3, Roach x2  
  144  8:11  Extractor  
  143  8:14  Zergling x14  
  143  8:15  Ravager x2  
  143  8:16  Ravager  
  143  8:17  Ravager x2  
  143  8:19  Overseer  
  155  8:25  Zergling x4  
  155  8:26  Zergling x8  
  161  8:27  Ravager  
  162  8:38  Ravager x3  
  162  8:40  Zergling x18  
  174  8:46  Ravager  
  174  8:48  Roach  
  177  8:56  Zergling x18  
  177  9:00  Hatchery  
  177  9:01  Ravager x4  
  189  9:14  Drone x3  
  189  9:15  Drone  
  193  9:17  Infestation Pit, Extractor  
  191  9:29  Zerg Melee Weapons Level 2  
  186  9:32  Zerg Flyer Weapons Level 1  
  186  9:33  Corruptor x2, Baneling Nest  
  186  9:40  Overlord  
  172  9:52  Roach x12  
  165  10:01  Spore Crawler  
  165  10:03  Drone x5  
  169  10:07  Overlord  
  169  10:08  Pneumatized Carapace  
  169  10:09  Unknown  
  169  10:12  Corruptor x2  
  172  10:19  Centrifical Hooks  
  164  10:33  Zergling x2  
  164  10:34  Zergling x40  
  173  10:42  Hive  
  170  10:47  Spore Crawler, Spine Crawler  
  162  10:50  Spine Crawler x3  
  162  10:51  Spine Crawler x2  
  162  10:53  Spine Crawler  
  162  10:54  Drone x8  
  164  11:06  Swarm Host x7  
  185  11:11  Baneling x7  
  185  11:20  Hatchery  
  184  11:27  Drone x3  
  184  11:31  Zerg Flyer Weapons Level 2  
  187  11:44  Swarm Host x4  
  195  11:55  Baneling x25  
  181  12:30  Zergling x22  
  181  12:31  Ravager x2  
  181  12:32  Ravager x5  
  196  12:44  Hatchery  
  196  12:45  Zerg Missile Weapons Level 3, Zerg Melee Weapons Level 3  
  196  12:46  Adrenal Glands  
  192  12:53  Zergling x4  
  194  13:00  Baneling x20  
  190  13:15  Hatchery  
  189  13:20  Zergling x18  
  188  13:38  Zergling x6  
  188  13:39  Zergling x8  
  180  13:52  Zergling x4  
  177  13:59  Hatchery  
  177  14:02  Hatchery  
  172  14:05  Hatchery  
  172  14:09  Zergling x8  
  170  14:11  Baneling x10  
  170  14:22  Corruptor x2  
  154  14:39  Zergling x2  
  154  14:40  Zergling x6  
  149  14:51  Roach x2  
  151  14:56  Roach x6  
  167  15:05  Baneling x10  
  167  15:07  Ravager x2  
  163  15:25  Zergling x2  
  163  15:26  Zergling x10  
  169  15:32  Extractor  
  169  15:33  Ravager x7  
  169  15:34  Drone  
  176  15:37  Drone x3  
  176  15:40  Extractor  
  176  15:41  Spine Crawler  
  176  15:42  Spine Crawler x2  
  175  15:43  Extractor  
  175  15:45  Zergling x10  
  177  16:07  Overlord  
  177  16:09  Overlord  
  168  16:20  Zergling x14  
  168  16:22  Overlord x3  
  168  16:23  Hatchery  
  170  16:25  Overlord  
  170  16:30  Overlord  
  166  16:40  Baneling x5  
  166  16:41  Baneling x5, Roach x3  
  172  16:48  Zergling x2  
  172  16:49  Zergling x6  
  161  17:02  Roach x5  
  156  17:15  Roach  
  156  17:16  Roach x5  
  156  17:18  Baneling  
  156  17:19  Baneling x4  
  156  17:21  Zergling x2  
  164  17:35  Zergling x14  
  156  17:44  Roach x3  
  156  17:46  Zergling x2  
  156  17:47  Zergling x2  
  147  17:54  Zergling x6  
Tags
 
Add a new tag
Caveats
  • Supply blocks, unpowered buildings, or Contaminate may cause inaccurate times.
  • Supply counts are checked every 10 seconds.